 Dungeon Crawl Stone Soup version 0.29.1-1-gd02db6906a (webtiles) character file.

Game seed: 14103290513834058850

1042 safid the Skirmisher (level 8, -4/63 HPs)
             Began as a Minotaur Hunter on Oct 4, 2022.
             Slain by a water moccasin (5 damage)
             ... on level 5 of the Dungeon.
             The game lasted 00:07:05 (5348 turns).

safid the Skirmisher (Minotaur Hunter)              Turns: 5348, Time: 00:07:07

Health: -4/63      AC:  5    Str: 16    XL:     8   Next: 4%
Magic:  7/7        EV: 12    Int:  6    God:
Gold:   221        SH:  0    Dex: 18    Spells: 7/7 levels left

rFire   . . .      SeeInvis .   a - +0 shortbow
rCold   . . .      Faith    .   (shield currently unavailable)
rNeg    . . .      Spirit   .   c - +0 leather armour
rPois   .          Reflect  .   (helmet restricted)
rElec   .          Harm     .   o - +0 cloak
rCorr   .          Rampage  .   l - +0 pair of gloves
Will    .....                   (no boots)
Stlth   +++.......              (no amulet)
HPRegen 0.20/turn               (no ring)
MPRegen 0.10/turn               (no ring)

@: lethally poisoned (-4 -> -26), flying
A: horns 2, retaliatory headbutt, thin skeletal structure 1, deterioration 1
a: no special abilities


You were on level 5 of the Dungeon.
You visited 1 branch of the dungeon, and saw 5 of its levels.

You collected 221 gold pieces.

Inventory:

Hand Weapons
 a - a +0 shortbow (weapon)
Missiles
 k - 2 curare-tipped darts
Armour
 c - a +0 leather armour (worn)
 l - a +0 pair of gloves (worn)
 o - a +0 cloak (worn)
Scrolls
 b - a scroll of immolation
 e - 2 scrolls of enchant weapon {unknown}
 g - a scroll of torment {unknown}
 j - 4 scrolls of identify {unknown}
 m - 2 scrolls of noise {unknown}
 p - a scroll of teleportation {unknown}
Potions
 d - 2 potions of cancellation
 f - a potion of mutation
 i - a potion of curing {unknown}
 n - a potion of lignification {unknown}


   Skills:
 - Level 3.0 Fighting
 + Level 11.0 Ranged Weapons
 - Level 2.1 Dodging
 - Level 0.7 Stealth


You had 7 spell levels left.
You didn't know any spells.
Your spell library contained the following spells:

 Spells                   Type           Power      Damage    Failure   Level
 Poisonous Vapours        Pois/Air       0%         N/A       67%         2
 Corpse Rot               Necr/Pois/Air  0%         N/A       99%         4


Dungeon Overview and Level Annotations

Branches:
Dungeon (5/15)
 Temple: D:4-7

Altars:
Xom

Annotations:
D:2 1 runed translucent door, Crazy Yiuf
D:3 2 transporters, CougarLife's ghost, amateur DsGl


Innate Abilities, Weirdness & Mutations

You have a pair of horns on your head.
You reflexively headbutt those who attack you in melee.
You have a somewhat thin skeletal structure. (Dex +2, Stealth+)
Your body sometimes deteriorates upon taking damage.


Message History

You shoot an arrow. The arrow hits the water moccasin.
The water moccasin is lightly wounded.
You feel sick.
The water moccasin bites you but does no damage.
You shoot an arrow.
The arrow barely misses the water moccasin.
You feel sick. The water moccasin bites you!
You are more poisoned.
The water moccasin poisons you! The water moccasin bites you.
You shoot an arrow.
The arrow closely misses the water moccasin.
You feel very sick. The water moccasin bites you.
You shoot an arrow.
The arrow closely misses the water moccasin.
You feel very sick. The water moccasin bites you.
You are lethally poisoned!
The water moccasin poisons you!
Unknown command.
It was a potion of cancellation.
You feel magically purged.
You feel very sick.
The water moccasin bites you but does no damage.
The water moccasin bites you.
* * * LOW HITPOINT WARNING * * *
You are more poisoned.
The water moccasin poisons you!
It was a potion of mutation.
You feel extremely strange.
You feel yourself wasting away.
Your bones become slightly less dense.
* * * LOW HITPOINT WARNING * * *
You feel extremely sick. The water moccasin barely misses you.
It was a potion of flight.
You feel very buoyant.
You fly up into the air.
* * * LOW HITPOINT WARNING * * *
You feel very sick.
The water moccasin bites you but does no damage.
The water moccasin bites you.
You die...

#...## #. #..# ##
### #..# # ##..#
#..# # ..P.. #..#
..P... #..#
.P§P..### #..#
P....PSP####.##
#..@...#..##
.§.§P..........#
.§§#.P......#..##
.P§.P.......##..##
...#.........##..##
#.
#.........###..## #
# #........##
##..## ##
###......# #...###.
##....## ##...##>


You could see a water moccasin.

Vanquished Creatures
  Sigmund (D:2)
  An ice beast (D:5)
  2 black bears
  An ogre (D:4)
  A scorpion (D:4)
  2 hounds
  2 orc priests (D:4)
  2 iguanas
  An orc wizard (D:3)
  Terence (D:2)
  10 gnolls
  6 adders
  A worm (D:2)
  3 dart slugs
  14 orcs
  8 ball pythons
  10 endoplasms
  5 goblins
  11 hobgoblins
  2 jackals (D:1)
  6 kobolds
  4 quokkas
  5 bats
  4 frilled lizards
  5 rats
108 creatures vanquished.

Vanquished Creatures (others)
  A fungus (D:1)
  5 plants (D:5)
6 creatures vanquished.

Grand Total: 114 creatures vanquished

Notes
Turn   | Place    | Note
-------+----------+-------------------------------------------
     0 | D:1      | safid the Minotaur Hunter began the quest for the Orb.
     0 | D:1      | Reached XP level 1. HP: 18/18 MP: 0/0
   185 | D:1      | Reached XP level 2. HP: 25/25 MP: 1/1
   257 | D:1      | Reached skill level 5 in Ranged Weapons
   604 | D:1      | Reached XP level 3. HP: 31/31 MP: 2/2
   607 | D:1      | Found a faded altar of an unknown god.
  1221 | D:2      | Reached skill level 6 in Ranged Weapons
  1221 | D:2      | Reached XP level 4. HP: 38/38 MP: 3/3
  1333 | D:2      | Noticed Sigmund
  1355 | D:2      | Noticed Terence
  1366 | D:2      | Killed Sigmund
  1367 | D:2      | Reached skill level 7 in Ranged Weapons
  1367 | D:2      | Reached XP level 5. HP: 30/45 MP: 4/4
  1476 | D:2      | Killed Terence
  1477 | D:2      | Reached XP level 6. HP: 32/51 MP: 5/5
  2189 | D:2      | Found a runed translucent door.
  2190 | D:2      | Noticed Crazy Yiuf
  2372 | D:3      | Reached skill level 8 in Ranged Weapons
  2765 | D:3      | Found a shimmering altar of Xom.
  3009 | D:3      | Reached skill level 9 in Ranged Weapons
  3337 | D:3      | Found a transporter.
  3339 | D:3      | Noticed CougarLife's ghost (amateur DsGl)
  3343 | D:3      | Found a transporter.
  3495 | D:4      | Reached XP level 7. HP: 27/57 MP: 6/6
  4194 | D:4      | Reached skill level 10 in Ranged Weapons
  4705 | D:5      | Entered Level 5 of the Dungeon
  5218 | D:5      | Reached skill level 11 in Ranged Weapons
  5218 | D:5      | Reached XP level 8. HP: 63/63 MP: 7/7
  5347 | D:5      | Gained mutation: Your body sometimes deteriorates upon
                  | taking damage. [potion of mutation]
  5347 | D:5      | Gained mutation: You have a somewhat thin skeletal
                  | structure. (Dex +2, Stealth+) [potion of mutation]
  5348 | D:5      | HP: 1/63 [poisoned by a water moccasin]
  5348 | D:5      | Slain by a water moccasin

Illustrated notes

Levels and vault maps discovered:
D:1:      lightli_arrival_statuegarden, layout_loops_ring,
          shapermc_ecumenical_altar_venn, nicolae_kite_square_tiling_tiny,
          minmay_shallow_snake_nest
D:2:      layout_basic, serial_glass, glass_columns_a, glass_columns_b,
          glass_columns_b, glass_columns_a, glass_columns_a, glass_columns_a,
          minmay_strange_pillars, due_unseen_surprise, minmay_diced_spiral,
          uniq_sigmund, uniq_terence, uniq_crazy_yiuf_cottage
D:3:      layout_loops_ring, mainiacjoe_overflow_surrounded_room,
          gammafunk_ghost_mausoleum, serial_glass, glass_columns_a,
          glass_columns_c, feat_on_display, feat_on_display
D:4:      layout_rooms, chequers_serial_rivers_marsh
D:5:      layout_cave_pods, nicolae_hepliaklqana_hazy_memory,
          mainiacjoe_overflow_alcove_1, minmay_temple_entry_butterflies

Skill      XL: |  1  2  3  4  5  6  7 |
---------------+----------------------+-----
Fighting       | 3 |  3.0
Ranged Weapons | 5 6 7 9 11 | 11.0
Dodging        | |  2.1
Stealth        | |  0.7

Action                   |  1- 3 |  4- 6 |  7- 9 || total
-------------------------+-------+-------+-------++-------
 Fire: Shortbow          |    85 |   139 |   141 ||   365
  Use: Potion            |       |       |     3 ||     3
Armor: Leather armour    |    12 |    14 |    28 ||    54
Dodge: Dodged            |    29 |    38 |    41 ||   108
